 Dungeon Crawl Stone Soup version 0.23.2-40-g277498a001 (webtiles) character file.

Game seed: 7336452842750056157

3469 Felnil the Fighter (level 9, -1/79 HPs)
             Began as a Mummy Fighter on Aug 13, 2019.
             Was a Follower of Ru.
             Slain by a two-headed ogre
             ... wielding a +0 giant club
              (13 damage)
             ... on level 8 of the Dungeon.
             The game lasted 00:20:31 (9150 turns).

Felnil the Fighter (Mummy Fighter)                  Turns: 9150, Time: 00:20:32

Health: -1/79      AC: 11    Str: 28    XL:     9   Next: 79%
Magic:  18/18      EV:  8    Int:  7    God:    Ru [*.....]
Gold:   421        SH: 11    Dex: 12    Spells: 8/8 levels left

rFire    x . .     SeeInvis +   m - +2 long sword (slice)
rCold    + + .     Gourm    .   c - +0 shield
rNeg     + + +     Faith    .   j - +1 scale mail {MR+}
rPois    ∞         Spirit   .   (no helmet)
rElec    .         Reflect  .   (no cloak)
rCorr    .         Harm     .   (no gloves)
MR       ++...                  n - +1 pair of boots
Stlth    +.........             (no amulet)
HPRegen  0.23/turn              h - ring of see invisible
MPRegen  0.16/turn              d - ring "Nyukk" {rC+ MP+9 Str+6 Stlth+}

@: horrified
A: no food or potions, fire vulnerability, cold resistance 1, negative energy
resistance 3, torment resistance, unbreathing, cowardly
a: Renounce Religion


You were on level 8 of the Dungeon.
You worshipped Ru.
Ru was aware of your devotion.
You were not hungry.

You visited 2 branches of the dungeon, and saw 9 of its levels.

You collected 421 gold pieces.

Inventory:

Hand Weapons
 a - a +1 war axe
 m - a +2 long sword of slicing (weapon)
 q - a +4 quarterstaff of chaos
 t - a +0 scimitar of flaming
Armour
 c - a +0 shield (worn)
 j - a +1 scale mail of magic resistance (worn)
 n - a +1 pair of boots (worn)
Jewellery
 b - an uncursed ring of magical power
 d - the ring "Nyukk" (right hand) {rC+ MP+9 Str+6 Stlth+}
   (You found it on level 6 of the Dungeon)

   [ring of stealth]

   It affects your strength (+6).
   It protects you from cold.
   It affects your magic capacity (+9).
   It makes you more stealthy.
 h - a ring of see invisible (left hand)
 l - an uncursed ring of ice
 o - a +3 ring of intelligence
Wands
 i - a wand of disintegration (7)
 k - a wand of iceblast (14)
Scrolls
 e - a scroll of fog
 g - 4 scrolls of remove curse
 p - 2 scrolls of amnesia
 s - a scroll of identify


   Skills:
 * Level 10.3 Fighting
 - Level 1.5 Axes
 + Level 6.3 Armour
 + Level 6.3 Shields


You had 8 spell levels left.
You didn't know any spells.
Your spell library contained the following spells:

 Spells                   Type           Power        Failure   Level  Hunger
 Magic Dart               Conj           #...         96%         1    N/A
 Blink                    Tloc           N/A          99%         2    N/A
 Call Imp                 Summ           #.......     99%         2    N/A
 Slow                     Hex            #.......     99%         2    N/A
 Conjure Flame            Conj/Fire      #.......     100%        3    N/A
 Mephitic Cloud           Conj/Pois/Air  #.......     100%        3    N/A

Dungeon Overview and Level Annotations

Branches:
Dungeon (8/15)             Temple (1/1) D:5
   Lair: D:8-11

Altars:
Ashenzari
Cheibriados
Elyvilon
Fedhas
Hepliaklqana
Makhleb
Okawaru
Qazlal
Ru
Sif Muna
Trog
Vehumet
Wu Jian
Xom
Yredelemnul
Zin

Shops:
D:8 ?:


Innate Abilities, Weirdness & Mutations

You do not eat or drink.
Your flesh is vulnerable to fire.
You are immune to poison.
Your flesh is cold resistant. (rC+)
You are immune to negative energy. (rN+++)
You are immune to unholy pain and torment.
You can survive without breathing.
Your cowardice makes you less effective in combat with threatening monsters.


Message History

* * * LOW HITPOINT WARNING * * *
The hound barely misses you. The queen bee stings you.
* * * LOW HITPOINT WARNING * * *
As you read the scroll of teleportation, it crumbles to dust.
You feel strangely unstable.
The hound bites you but does no damage. x2
The queen bee barely misses you. You block the hound's attack.
You miss the hound.
Your surroundings suddenly seem different.
A leopard gecko comes into view.
The leopard gecko hisses angrily.
A two-headed ogre comes into view.
It is wielding a +0 giant club and a +0 dire flail of protection.
A worker ant zombie comes into view.
The leopard gecko hisses menacingly.
You block the leopard gecko's attack.
As you read the scroll of fog, it crumbles to dust.
The scroll dissolves into smoke.
The leopard gecko bites you but does no damage.
The two-headed ogre hits you with a +0 giant club!
You die...

##+####
#l§§..#
#@Z§..#
#§O§..#
#§§§..#
#.....#
##+####


You could see a two-headed ogre, a worker ant zombie and a leopard gecko.

Vanquished Creatures
  Erica (D:8)
  The ghost of DildoBatman the Conjurer, a novice FoWz of Kikubaaqudgha (D:7)
  Duvessa (D:6)
  2 ice beasts
  3 ogres
  A phantom (D:4)
  A centaur (D:4)
  4 bullfrogs
  Dowan (D:6)
  2 scorpions (D:5)
  15 killer bees
  A howler monkey (D:5)
  2 crimson imps
  A hound (D:7)
  2 orc priests (D:6)
  A bullfrog skeleton (D:4)
  Crazy Yiuf (D:7)
  Ijyb (D:3)
  An orc wizard (D:3)
  3 worker ants
  A hound skeleton (D:4)
  12 adders
  4 gnolls (D:5)
  A shadow imp (D:2)
  2 oozes
  An adder skeleton (D:6)
  2 adder zombies (D:6)
  5 worms
  3 dart slugs (D:1)
  7 leopard geckos
  18 orcs
  2 ball pythons
  5 giant cockroaches
  11 goblins
  14 hobgoblins
  5 kobolds
  A quokka (D:6)
  5 bats
  3 frilled lizards
  A jackal skeleton (D:4)
  A leopard gecko skeleton (D:3)
  7 rats
  A plant (D:1)
157 creatures vanquished.

Notes
Turn   | Place    | Note
-------+----------+-------------------------------------------
     0 | D:1      | Felnil the Mummy Fighter began the quest for the Orb.
     0 | D:1      | Reached XP level 1. HP: 18/18 MP: 1/1
    96 | D:1      | Reached XP level 2. HP: 16/24 MP: 2/2
   736 | D:2      | Reached XP level 3. HP: 25/29 MP: 3/3
   952 | D:2      | Reached skill level 4 in Fighting
   991 | D:2      | Reached XP level 4. HP: 32/37 MP: 4/4
  1899 | D:3      | Noticed Ijyb
  1918 | D:3      | Killed Ijyb
  1918 | D:3      | Reached XP level 5. HP: 32/43 MP: 5/5
  2499 | D:3      | Reached skill level 5 in Fighting
  3217 | D:4      | Noticed a phantom
  3309 | D:4      | HP: 1/44 [phantom (4)]
  3322 | D:4      | HP: 2/44 [ball python (1)]
  3663 | D:4      | Reached XP level 6. HP: 46/51 MP: 6/6
  3704 | D:4      | HP: 1/51 [centaur (2)]
  4126 | D:4      | Reached skill level 6 in Fighting
  4126 | D:4      | Reached XP level 7. HP: 42/58 MP: 7/7
  4616 | D:5      | Entered Level 5 of the Dungeon
  4648 | D:5      | Found a staircase to the Ecumenical Temple.
  4887 | Temple   | Entered the Ecumenical Temple
  5180 | Temple   | Became a worshipper of Ru the Awakened
  5220 | D:5      | Reached skill level 7 in Fighting
  5283 | D:5      | Found an ornate altar of the Wu Jian Council.
  5539 | D:5      | Reached XP level 8. HP: 53/67 MP: 8/8
  5850 | D:6      | Got a smoking iron ring
  5854 | D:6      | Found a glowing silver altar of Zin.
  5856 | D:6      | Noticed Duvessa
  5857 | D:6      | Noticed Dowan
  5863 | D:6      | Killed Duvessa
  5871 | D:6      | Killed Dowan
  6588 | D:6      | Identified the ring "Nyukk" {rC+ MP+9 Str+6 Stlth+} (You
                  | found it on level 6 of the Dungeon)
  6804 | D:7      | Reached skill level 8 in Fighting
  6823 | D:7      | Found a large runed translucent door.
  6824 | D:7      | Found a large runed translucent door.
  6824 | D:7      | Noticed DildoBatman's ghost (novice FoWz)
  6836 | D:7      | Killed DildoBatman's ghost
  6836 | D:7      | Reached skill level 5 in Armour
  6836 | D:7      | Reached skill level 5 in Shields
  6993 | D:7      | Gained mutation: Your cowardice makes you less effective in
                  | combat with threatening monsters. [Ru sacrifice]
  6993 | D:7      | Reached * piety under Ru
  7129 | D:7      | Found a runed translucent door.
  7130 | D:7      | Noticed Crazy Yiuf
  7308 | D:7      | Reached skill level 9 in Fighting
  7308 | D:7      | Reached XP level 9. HP: 56/76 MP: 9/9
  7649 | D:7      | Killed Crazy Yiuf
  8084 | D:8      | Found Juwunoid's Book Emporium.
  8086 | D:8      | Found Zeyn's Magic Scroll Shoppe.
  8201 | D:8      | Noticed Erica
  8216 | D:8      | Killed Erica
  8397 | D:8      | Reached skill level 10 in Fighting
  9106 | D:8      | Noticed a queen bee
  9149 | D:8      | Noticed a two-headed ogre
  9150 | D:8      | Slain by a two-headed ogre

Skill      XL: |  1  2  3  4  5  6  7  8  9 |
---------------+----------------------------+-----
Fighting       | 4 5 6 7 9 10 | 10.3
Shields        | 3 4 5 6 |  6.3
Armour         | 3 4 5 6 |  6.3
Axes           | |  1.5

Action                   |  1- 3 |  4- 6 |  7- 9 || total
-------------------------+-------+-------+-------++-------
Melee: War axe           |   118 |   295 |   101 ||   514
       Long sword        |       |       |   273 ||   273
Invok: Sacrifice Courage |       |       |     1 ||     1
Evoke: Wand              |       |     1 |     1 ||     2
  Use: Scroll            |       |     3 |    16 ||    19
Armor: Scale mail        |    47 |   125 |   216 ||   388
Dodge: Dodged            |    34 |    94 |   147 ||   275
Block: Shield            |    58 |   130 |   253 ||   441
       Rpst.: Long sword |       |       |    34 ||    34
